 Dungeon Crawl Stone Soup version 0.27.0-1-g7a089689b8 (webtiles) character file.

Game seed: 16377128971102417545

43 hatdisgam the Chucker (level 3, -3/36 HPs)
             Began as an Ogre Arcane Marksman on Aug 6, 2021.
             Slain by an adder (4 damage)
             ... on level 3 of the Dungeon.
             The game lasted 00:02:32 (1858 turns).

hatdisgam the Chucker (Ogre Arcane Marksman)        Turns: 1858, Time: 00:02:33

Health: -3/36      AC:  2    Str: 12 (15) XL:     3   Next: 58%
Magic:  4/4        EV:  9    Int: 11 (14) God:
Gold:   61         SH:  0    Dex:  7 (9)  Spells: 3/4 levels left

rFire    . . .     SeeInvis .   d - +1 dagger (venom)
rCold    . . .     Faith    .   (no shield)
rNeg     . . .     Spirit   .   a - +0 robe
rPois    .         Reflect  .   (helmet restricted)
rElec    .         Harm     .   (no cloak)
rCorr    .         Rampage  .   (gloves unavailable)
Will     .....                  (boots unavailable)
Stlth    +.........             (no amulet)
HPRegen  0.12/turn              (no ring)
MPRegen  0.09/turn              (no ring)

@: lethally poisoned (-3 -> -5), unable to read
A: large, unfitting armour, tough skin 1, deformed body, sense surroundings 1,
inability to read while threatened
a: no special abilities


You were on level 3 of the Dungeon.
You visited 1 branch of the dungeon, and saw 3 of its levels.

You collected 61 gold pieces.

Inventory:

Hand Weapons
 d - a +1 dagger of venom (weapon)
Missiles
 b - 4 large rocks (quivered)
 c - 2 throwing nets
 f - 46 stones
 j - 8 boomerangs
Armour
 a - a +0 robe (worn)
Jewellery
 g - a +6 ring of dexterity
Scrolls
 i - a scroll of noise {unknown}


   Skills:
 + Level 2.7 Fighting
 * Level 3.3 Throwing
 - Level 1.7 Dodging
 - Level 1.2 Spellcasting
 - Level 2.6 Hexes


You had 3 spell levels left.
You knew the following spells:

 Your Spells              Type           Power      Damage    Failure   Level
a - Corona                Hex            6%         N/A       11%         1

Your spell library contained the following spells:

 Spells                   Type           Power      Damage    Failure   Level
 Slow                     Hex            6%         N/A       16%         2
 Inner Flame              Hex/Fire       3%         N/A       50%         3
 Portal Projectile        Hex/Tloc       6%         N/A       50%         3
 Cause Fear               Hex            3%         N/A       71%         4


Dungeon Overview and Level Annotations

Branches:
Dungeon (3/15)

Altars:

Annotations:
D:2 Robin


Innate Abilities, Weirdness & Mutations

You are too large for most types of armour.
You have tough skin. (AC +1)
Armour fits poorly on your strangely shaped body.
You passively map a small area around you.
You sometimes lose the ability to read scrolls when taking damage.


Message History

Found 5 gold pieces.
Found a dagger.
A giant cockroach comes into view.
The giant cockroach bites you but does no damage.
The giant cockroach bites you but does no damage.
A rat comes into view.
A rat comes into view.
The giant cockroach bites you.
* * * LOW HITPOINT WARNING * * *
Found 24 sling bullets.
The rat bites you.
* * * LOW HITPOINT WARNING * * *
The adder closely misses you.
A frilled lizard comes into view.
The frilled lizard moves out of view.
The adder closely misses you. The frilled lizard closely misses you.
Found 11 gold pieces.
You hit the frilled lizard.
You kill the frilled lizard!
The adder bites you.
* * * LOW HITPOINT WARNING * * *
You are lethally poisoned!
The adder poisons you!
You aren't carrying any potions.
Unknown command.
You hit the adder.
The adder is poisoned.
The adder is lightly wounded.
* * * LOW HITPOINT WARNING * * *
You feel sick.
The adder bites you but does no damage. x2
You closely miss the adder.
The adder is lightly wounded.
* * * LOW HITPOINT WARNING * * *
You feel sick. The adder barely misses you.
You hit the adder.
The adder is heavily wounded.
* * * LOW HITPOINT WARNING * * *
You feel sick. The adder bites you.
You feel threatened and lose the ability to read scrolls!
You die...

###≈#######
#...≈≈......##
.....≈≈......##
.....≈........#
.....≈........#
.)...≈≈.......# *#
.....≈≈.....KS######...#
......≈≈....grrS@†......*
,
..$...≈≈≈....B####......
K......≈.....## * ..... ,
, #.....#.....## ,,$... ,
############# ** ... * ,
.., , . * * * * ,, * ,*,
, * *,


You could see an adder (very poisoned), a giant cockroach, a goblin, a ball
python, a kobold and 2 rats.

Vanquished Creatures
  5 ball pythons
  4 endoplasms
  2 goblins
  3 hobgoblins
  8 jackals (D:1)
  5 kobolds
  3 bats
  3 frilled lizards
  4 rats (D:1)
37 creatures vanquished.

Notes
Turn   | Place    | Note
-------+----------+-------------------------------------------
     0 | D:1      | hatdisgam the Ogre Arcane Marksman began the quest for the
                  | Orb.
     0 | D:1      | Reached XP level 1. HP: 19/19 MP: 2/2
   289 | D:1      | Reached XP level 2. HP: 22/28 MP: 3/3
  1107 | D:1      | Reached skill level 3 in Throwing
  1107 | D:1      | Reached XP level 3. HP: 35/36 MP: 4/4
  1270 | D:1      | Found a faded altar of an unknown god.
  1759 | D:2      | Noticed Robin
  1768 | D:2      | Gained mutation: You sometimes lose the ability to read
                  | scrolls when taking damage. [potion of mutation]
  1768 | D:2      | Gained mutation: You are partially covered in iridescent
                  | scales. (AC +2) [potion of mutation]
  1768 | D:2      | Gained mutation: You are clumsy. (Dex -2) [potion of
                  | mutation]
  1806 | D:3      | Lost mutation: You are clumsy. (Dex -2) [potion of
                  | mutation]
  1806 | D:3      | Lost mutation: You are partially covered in iridescent
                  | scales. (AC +2) [potion of mutation]
  1806 | D:3      | Gained mutation: Armour fits poorly on your strangely
                  | shaped body. [potion of mutation]
  1806 | D:3      | Gained mutation: You passively map a small area around you.
                  | [potion of mutation]
  1858 | D:3      | HP: 1/36 [poisoned by an adder]
  1858 | D:3      | Slain by an adder

Illustrated notes

Levels and vault maps discovered:
D:1:      minmay_arrival_loop, layout_loops_corners,
          shapermc_ecumenical_altar_notcrosses
D:2:      minmay_angry_zag, layout_rooms, uniq_terence, uniq_robin
D:3:      layout_rooms, chequers_serial_rivers_small_a

Skill      XL: |  1  2 |
---------------+-------+-----
Fighting       | 2 |  2.7
Throwing       | 3 |  3.3
Dodging        | |  1.7
Spellcasting   | |  1.2
Hexes          | |  2.6

Action                   || total
-------------------------++-------
Melee: Dagger            ||   127
  Use: Potion            ||     3
 Stab: Sleeping          ||     1
Armor: Robe              ||    36
Dodge: Dodged            ||    61
